 Dungeon Crawl Stone Soup version 0.27-a0-1196-g3e9cee4cb2 (webtiles) character file.

Game seed: 6449657649937850639

304595 pcat the Eclecticist (level 20, -4/124 HPs)
             Began as a Deep Elf Conjurer on May 28, 2021.
             Was the Champion of Vehumet.
             Slain by a grey draconian monk (5 damage)
             ... summoned by old memories
             ... in a wizard's laboratory on May 29, 2021.
             The game lasted 03:53:29 (60863 turns).

pcat the Eclecticist (Deep Elf Conjurer)           Turns: 60863, Time: 03:53:31

Health: -4/124     AC: 10    Str:  3      XL:     20   Next: 26%
Magic:  11/45      EV: 19    Int: 48 (49) God:    Vehumet [******]
Gold:   1725       SH:  7    Dex: 13      Spells: 9/58 levels left

rFire    . . .     SeeInvis +   w - staff of earth
rCold    . . .     Faith    .   Q - +2 buckler {rPois}
rNeg     . . .     Spirit   .   V - +1 robe of Burning Leaves {Contam +Blink rCorr Int+8}
rPois    +         Reflect  .   J - +2 helmet of the New World {Regen+ Str-3 Int+2}
rElec    .         Harm     .   f - scarf {repulsion}
rCorr    +         Rampage  .   B - +2 pair of gloves of Asusooc {Regen+}
Will     ++...                  D - +0 pair of boots {Fly}
Stlth    ++........             U - amulet of magic regeneration
HPRegen  2.30/turn              t - +6 ring of intelligence
MPRegen  0.54/turn              T - ring "Rosk" {Wiz Str+2 SInv}

@: flying, very slightly contaminated, repel missiles
A: no striking features
}: 2/15 runes: serpentine, barnacled
a: Renounce Religion, Evoke Blink


You were in a wizard's laboratory.
You worshipped Vehumet.
Vehumet was exalted by your worship.
You visited 7 branches of the dungeon, and saw 35 of its levels.
You visited 1 bazaar.
You also visited: Ice Cave and Wizlab.

You collected 6950 gold pieces.
You spent 5225 gold pieces at shops.

Inventory:

Hand Weapons
 d - the +1 scimitar "Impbane" {freeze, *Noise +Rage rElec rCorr Int-2}
   (You found it on level 1 of the Vaults)

   It has been specially enchanted to freeze those struck by it, causing extra
   injury to most foes and up to half again as much damage against particularly
   susceptible opponents.
   It can also slow down cold-blooded creatures.
   It affects your intelligence (-2).
   It insulates you from electricity.
   It lets you go berserk.
   It may make noises in combat.
   It protects you from acid and corrosion.
Missiles
 g - 841 stones
 G - 16 throwing nets
Armour
 f - a scarf of repulsion (worn)
 B - the +2 pair of gloves of Asusooc (worn) {Regen+}
   (You bought it in a shop in a bazaar)

   It increases your rate of health regeneration.
 D - a +0 pair of boots of flying (worn)
 J - the +2 helmet of the New World (worn) {Regen+ Str-3 Int+2}
   (You bought it in a shop on level 2 of the Snake Pit)

   It affects your strength (-3).
   It affects your intelligence (+2).
   It increases your rate of health regeneration.
 Q - a +2 buckler of poison resistance (worn)
 S - the +1 cloak of Past Mistakes {Rampage Dex+4}
   (You found it on level 3 of the Lair of Beasts)

   It affects your dexterity (+4).
   It bestows one free step when moving towards enemies.
 V - the +1 robe of Burning Leaves (worn) {Contam +Blink rCorr Int+8}
   (You found it on level 5 of the Lair of Beasts)

   It affects your intelligence (+8).
   It lets you blink.
   It causes magical contamination when unequipped.
   It protects you from acid and corrosion.
Magical Staves
 w - a staff of earth (weapon)
Jewellery
 q - a ring of magical power
 t - a +6 ring of intelligence (left hand)
 T - the ring "Rosk" (right hand) {Wiz Str+2 SInv}
   (You bought it in a shop on level 2 of the Orcish Mines)

   [ring of wizardry]

   It improves your spell success rate.
   It affects your strength (+2).
   It lets you see invisible.
 U - an amulet of magic regeneration (around neck)
Wands
 l - a wand of acid (20)
 o - a wand of mindburst (37)
 s - a wand of digging (10)
 M - a wand of iceblast (64)
Scrolls
 a - a scroll of immolation
 h - 13 scrolls of identify
 i - a scroll of enchant armour
 j - 5 scrolls of fear
 n - 3 scrolls of fog
 r - a scroll of enchant weapon
 u - a scroll of magic mapping
 v - a scroll of brand weapon
 H - 6 scrolls of teleportation
 Y - 3 scrolls of amnesia
Potions
 b - 4 potions of lignification
 c - 9 potions of curing
 e - 5 potions of heal wounds
 k - 8 potions of invisibility
 m - 3 potions of cancellation
 p - 5 potions of haste
 x - a potion of might
 z - a potion of mutation
 C - a potion of ambrosia
 E - a potion of resistance
 R - a potion of magic
 X - 2 potions of brilliance


   Skills:
 + Level 13.1 Fighting
 + Level 15.2 Dodging
 - Level 2.4 Stealth
 - Level 4.5 Shields
 + Level 19.8 Spellcasting
 - Level 12.4 Conjurations
 - Level 10.0 Hexes
 - Level 9.9 Translocations
 - Level 12.1 Fire Magic
 + Level 4.9 Air Magic
 * Level 18.7 Earth Magic
 + Level 5.3 Evocations


You had 9 spell levels left.
You knew the following spells:

 Your Spells              Type           Power      Damage    Failure   Level
a - Bolt of Magma         Conj/Fire/Erth 67%        4d26      1%          5
b - Tornado               Air            38%        N/A       97%         9
c - Iskenderun's Mystic   Conj/Tloc      100%       2d19      1%          4
d - Ignition              Fire           52%        3d14      2%          8
e - Lee's Rapid Deconstr  Erth           74%        3d34*     0%          5
f - Shatter               Erth           74%        3d54*     2%          9
g - Sandblast             Erth           100%       2d20      0%          1
h - Lehudib's Crystal Sp  Conj/Erth      69%        10d16     1%          8

Your spell library contained the following spells:

 Spells                   Type           Power      Damage    Failure   Level
 Fire Storm               Conj/Fire      52%        8d13      24%         9
 Absolute Zero            Ice            23%        ∞         100%        9
 Magic Dart               Conj           100%       1d8       0%          1
 Shock                    Conj/Air       100%       1d9       0%          1
 Blink                    Tloc           N/A        N/A       0%          2
 Passwall                 Tmut/Erth      97%        N/A       0%          2
 Searing Ray              Conj           100%       3d7       0%          2
 Static Discharge         Conj/Air       92%        N/A       0%          2
 Dazzling Flash           Conj/Hex       100%       N/A       0%          3
 Gell's Gravitas          Tloc           48%        N/A       0%          3
 Lesser Beckoning         Tloc           48%        N/A       0%          3
 Stone Arrow              Conj/Erth      100%       3d13      0%          3
 Teleport Other           Tloc           97%        N/A       0%          3
 Animate Skeleton         Necr           94%        N/A       1%          1
 Beastly Appendage        Tmut           94%        N/A       1%          1
 Freeze                   Ice            100%       1d11      1%          1
 Pain                     Necr           100%       1d9       1%          1
 Sting                    Tmut/Pois      100%       1d8       1%          1
 Poisonous Vapours        Pois/Air       100%       N/A       1%          2
 Wereblood                Tmut           47%        N/A       1%          2
 Ignite Poison            Fire/Tmut/Pois 72%        N/A       1%          3
 Mephitic Cloud           Conj/Pois/Air  80%        N/A       1%          3
 Spider Form              Tmut/Pois      23%        N/A       1%          3
 Swiftness                Air            76%        N/A       1%          3
 Vampiric Draining        Necr           23%        2d9       1%          3
 Airstrike                Air            38%        N/A       1%          4
 Animate Dead             Necr           23%        N/A       1%          4
 Cause Fear               Hex            48%        N/A       1%          4
 Fulminant Prism          Conj/Hex       50%        3d23      1%          4
 Ice Form                 Ice/Tmut       47%        N/A       1%          4
 Olgreb's Toxic Radiance  Pois           47%        N/A       1%          4
 Petrify                  Tmut/Erth      100%       N/A       1%          4
 Summon Ice Beast         Ice/Summ       47%        N/A       1%          4
 Fireball                 Conj/Fire      52%        3d20      1%          5
 Irradiate                Conj/Tmut      41%        3d27      1%          5
 Lightning Bolt           Conj/Air       46%        1d66      1%          5
 Manifold Assault         Tloc           97%        N/A       1%          5
 Silence                  Hex/Air        44%        N/A       1%          5
 Yara's Violent Unravell  Hex/Tmut       38%        3d15      1%          5
 Starburst                Conj/Fire      52%        8x6d14    1%          6
 Statue Form              Tmut/Erth      78%        N/A       1%          6
 Spellforged Servitor     Conj/Summ      41%        N/A       3%          7
 Agony                    Necr           47%        N/A       4%          5
 Hydra Form               Tmut           23%        N/A       4%          5
 Malign Gateway           Summ/Tloc      38%        N/A       16%         7
 Discord                  Hex            48%        N/A       16%         8
 Blade Hands              Tmut           23%        N/A       22%         6
 Dragon Form              Tmut           23%        N/A       75%         7


Dungeon Overview and Level Annotations

Branches:
Dungeon (15/15)            Temple (1/1) D:4            Lair (6/6) D:8
 Shoals (4/4) Lair:4        Snake (4/4) Lair:4        Slime (0/5) Lair:6
    Orc (2/2) D:11            Elf (0/3) Orc:2        Vaults (3/5) D:14
  Crypt (0/3) Vaults:3     Depths (0/5) D:15          IceCv (visited)
 WizLab (1/1)

Altars:
Ashenzari
Cheibriados
Dithmenos
Elyvilon
Fedhas
Gozag
Hepliaklqana
Kikubaaqudgha
Makhleb
Nemelex Xobeh
Okawaru
Qazlal
Ru
Sif Muna
Trog
Uskayaw
Vehumet
Wu Jian
Xom
Yredelemnul
Zin
The Shining One
Beogh
Jiyva

Shops:
D:6 [   D:12 :   Orc:2 :(?=   Snake:1 [*   Snake:2 ![=:=   Vaults:2 (?

Portals:
Abyss: Lair:5

Annotations:
Lair:6 2 runed translucent doors


Message History

The grey draconian monk's corpse dissolves into shadows!
You kill the grey draconian monk!
The grey draconian monk's corpse dissolves into shadows!
Unknown command.
There is a large open door here.
Shadows coalesce into solid form.
The monstrous demonspawn shouts!
The deep troll shouts!
The grey draconian monk roars!
The grey draconian monk hits you!!
You block the grey draconian monk's attack.
The grey draconian monk misses you.
The grey draconian monk tail-slaps you but does no damage.
Casting: Shatter (dangerous; 2% risk of failure)
Confirm with . or Enter, or press ? or * to list all spells.
You feel a surge of power!
You miscast Shatter.
You are very lightly contaminated with residual magic.
Sand pours from your hands. The monstrous demonspawn hits you!
The monstrous demonspawn barely misses you.
The monstrous demonspawn gores you.
* * * LOW HITPOINT WARNING * * *
The grey draconian monk hits you!
* * * LOW HITPOINT WARNING * * *
The grey draconian monk kicks you.
* * * LOW HITPOINT WARNING * * *
You block the grey draconian monk's attack.
The grey draconian monk tail-slaps you.
* * * LOW HITPOINT WARNING * * *
You feel much better. The deep troll bites you!!
* * * LOW HITPOINT WARNING * * *
The deep troll claws you.
* * * LOW HITPOINT WARNING * * *
The deep troll claws you.
* * * LOW HITPOINT WARNING * * *
The monstrous demonspawn hits you!
* * * LOW HITPOINT WARNING * * *
You block the monstrous demonspawn's attack.
The monstrous demonspawn gores you!
* * * LOW HITPOINT WARNING * * *
The grey draconian monk hits you.
You die...

♣..........♣
#..........♣♣
##'##.......♣
##...##.....♣♣
#.....#....♣♣
#.....##..#♣
############+####''##
........###...##.T..##
.........'.....'@6...#
'''###..###...##.q..##
....♣#### ###########
....♣♣♣♣♣♣♣
......♣.♣.♣
.8........♣ #####
.........♣♣##...##
...........'..∩..#
.♣♣♣.....♣♣##...##


You could see a grey draconian monk (summoned), a monstrous demonspawn
(summoned) and a deep troll (summoned).

Vanquished Creatures
  The ghost of Xuos Etu the Warrior, an adept MiWn of the Shining One (Shoals:1)
  Jorgrun (Snake:3)
  The ghost of Yniun the Phalangite, an adept MfGl of the Shining One (Shoals:1)
  Polyphemus (Shoals:2)
  2 krakens
  A sphinx (Vaults:2)
  The ghost of cobaltphoenix the Devastator, an adept DrVM of Vehumet (Snake:3)
  4 nagarajas
  7 vault wardens
  Aizul (Snake:2)
  A frost giant (Shoals:4)
  An orc warlord (Orc:2)
  The ghost of Xoagute the Eclecticist, an adept DEFE of Sif Muna (Shoals:1)
  6 ironbound preservers
  Nessos (D:15)
  The ghost of Veysay the Thaumaturge, a journeyman DjWz of Dithmenos (Lair:3)
  4 dire elephants
  The ghost of Panli the Archer, a journeyman CeAM of Okawaru (Lair:5)
  A blizzard demon (IceCv)
  14 merfolk impalers
  A fire dragon (D:15)
  A great orb of eyes (Vaults:1)
  9 merfolk javelineers
  4 ironbound thunderhulks
  A rakshasa (D:15)
  6 salamander tyrants (Snake:4)
  16 naga warriors
  7 yaktaur captains
  An ice dragon (D:15)
  3 vault guards (Vaults:1)
  Erolcha (Orc:2)
  10 hydras
  An ogre mage (D:14)
  6 ironbound frosthearts
  6 boulder beetles
  2 catoblepae
  6 merfolk aquamancers
  8 centaur warriors
  7 anacondas
  6 two-headed ogres
  3 satyrs
  2 tengu warriors
  A death knight (D:14)
  11 death yaks
  A deep troll earth mage (D:13)
  4 orc high priests (Orc:2)
  8 shock serpents
  2 deep elf knights
  A dancing weapon (Lair:3)
  12 naga sharpshooters
  5 ironbound beastmasters
  A storm dragon zombie (Vaults:2)
  7 salamander mystics
  A shadow wraith (D:13)
  A skeletal warrior (D:14)
  A fire crab (Lair:6)
  16 deep trolls
  17 sea snakes
  9 ironbound convokers
  A kraken simulacrum (Shoals:4)
  A glowing orange brain (Vaults:3)
  8 lindwurms
  5 wizards
  A necromancer (Vaults:2)
  2 phantasmal warriors
  4 deep elf pyromancers
  4 naga ritualists
  16 harpies
  7 orc knights
  28 ugly things
  2 deep elf zephyrmancers (D:14)
  10 mana vipers
  A stone giant zombie (Vaults:2)
  9 orc sorcerers
  A wolf spider (D:13)
  21 manticores
  2 fauns (Shoals:2)
  7 cyclopes
  27 salamanders
  11 elephants
  3 vault sentinels
  8 merfolk sirens
  47 black mambas
  A black mamba (shapeshifter) (D:13)
  2 ice statues (IceCv)
  6 guardian serpents
  A frost giant skeleton (Vaults:2)
  13 naga magi
  9 cane toads
  3 molten gargoyles (Lair:6)
  An orange demon (Lair:5)
  3 gargoyles
  2 large abominations (Lair:5)
  6 water nymphs
  Maggie (Lair:2)
  An unseen horror (D:10)
  23 komodo dragons
  An efreet (D:14)
  3 rime drakes
  3 freezing wraiths (D:14)
  16 yaktaurs
  12 ice devils (IceCv)
  5 trolls
  47 merfolk
  2 spectral guardian serpents (Snake:3)
  9 blink frogs
  9 wind drakes
  19 slime creatures
  25 dream sheep
  A hornet (D:10)
  A spectral black mamba (Snake:3)
  2 polar bears
  A human simulacrum (Vaults:2)
  12 snapping turtles
  A spriggan (Lair:5)
  A shadow (D:11)
  13 water elementals
  3 wraiths
  7 wyverns
  6 basilisks
  42 yaks
  3 steam dragons
  10 vampire mosquitoes
  16 water moccasins
  3 wargs (Orc:1)
  A guardian serpent simulacrum (Snake:3)
  33 nagas
  4 hell hounds (Lair:6)
  2 acid dragons
  28 orc warriors
  4 sky beasts
  10 black bears
  A hornet zombie (D:7)
  3 ice beasts
  A black mamba simulacrum (Snake:3)
  5 ogres
  15 centaurs
  5 boggarts (D:14)
  A phantom (D:5)
  11 bullfrogs
  A kobold brigand (D:8)
  A gnoll sergeant (D:9)
  A scorpion (D:7)
  A wyvern skeleton (D:6)
  A water moccasin skeleton (D:5)
  A spectral naga (Snake:3)
  14 killer bees
  3 naga simulacra (Snake:3)
  4 wights (D:9)
  5 electric eels
  3 lava snakes (Lair:6)
  4 centaur zombies
  4 jellies
  20 orc priests
  6 hounds
  A gnoll shaman (D:9)
  A bullfrog skeleton (D:5)
  5 iguanas
  24 orc wizards
  10 hell rats
  A killer bee zombie (D:8)
  Robin (D:3)
  11 gnolls
  4 adders
  A shadow imp (D:6)
  9 white imps (IceCv)
  10 ufetubi
  An adder skeleton (D:4)
  3 worms
  6 dart slugs
  73 orcs
  2 bats (D:1)
  5 endoplasms
  4 giant cockroaches
  15 goblins
  7 hobgoblins
  4 jackals (D:5)
  8 kobolds
  4 quokkas
  7 ball pythons
  A frilled lizard (D:1)
  7 rats
  A spectral orc (D:15)
  A bush (D:15)
  14 fulminant prisms
  19 plants
1280 creatures vanquished.

Vanquished Creatures (others)
  2 sea snakes (Shoals:4)
  3 merfolk (Shoals:4)
  2 orc priests (Orc:2)
  2 white imps (IceCv)
  2 ufetubi (IceCv)
  A bush (D:15)
  96 fulminant prisms
  25 fungi
  140 plants
  8 tentacles
  4 withered plants (Shoals:1)
285 creatures vanquished.

Grand Total: 1565 creatures vanquished

Notes
Turn   | Place    | Note
-------+----------+-------------------------------------------
     0 | D:1      | pcat the Deep Elf Conjurer began the quest for the Orb.
     0 | D:1      | Reached XP level 1. HP: 10/10 MP: 6/6
   169 | D:1      | Reached XP level 2. HP: 15/15 MP: 4/8
   330 | D:1      | Learned a level 2 spell: Searing Ray
   696 | D:1      | Reached XP level 3. HP: 20/20 MP: 5/10
   836 | D:2      | Found a faded altar of an unknown god.
   853 | D:2      | Reached skill level 4 in Spellcasting
   939 | D:2      | Reached skill level 5 in Conjurations
  1398 | D:2      | Reached skill level 1 in Fighting
  1561 | D:2      | Reached XP level 4. HP: 25/25 MP: 10/12
  1980 | D:3      | Noticed a black bear
  1987 | D:3      | Killed a black bear
  1988 | D:3      | Reached skill level 5 in Spellcasting
  1988 | D:3      | Reached XP level 5. HP: 29/29 MP: 5/14
  2553 | D:3      | Noticed Robin
  2556 | D:3      | Killed Robin
  3009 | D:4      | Noticed an ogre
  3014 | D:4      | Noticed an ice beast
  3022 | D:4      | Killed an ogre
  3023 | D:4      | Reached XP level 6. HP: 8/35 MP: 10/16
  3025 | D:4      | Reached skill level 6 in Spellcasting
  3380 | D:4      | Killed an ice beast
  3849 | D:4      | Reached skill level 7 in Spellcasting
  3849 | D:4      | Reached XP level 7. HP: 25/40 MP: 9/19
  3972 | D:4      | Found a bloodstained altar of Trog.
  3985 | D:4      | Found a staircase to the Ecumenical Temple.
  4127 | Temple   | Entered the Ecumenical Temple
  4333 | Temple   | Became a worshipper of Vehumet
  4427 | Temple   | Learned a level 4 spell: Iskenderun's Mystic Blast
  4474 | D:5      | Entered Level 5 of the Dungeon
  4596 | D:5      | Reached skill level 1 in Translocations
  4760 | D:5      | Reached skill level 8 in Spellcasting
  4947 | D:5      | Reached XP level 8. HP: 46/46 MP: 19/22
  5385 | D:5      | Reached * piety under Vehumet
  5385 | D:5      | Offered knowledge of Freeze by Vehumet.
  5689 | D:5      | Identified Asmodeus's Grimoire of the Entourage
  5839 | D:5      | Reached skill level 9 in Spellcasting
  6731 | D:6      | Reached XP level 9. HP: 52/52 MP: 19/24
  6734 | D:6      | Reached skill level 10 in Spellcasting
  6966 | D:6      | Found Ygadei Enwi's Antique Armour Emporium.
  6977 | D:6      | Bought a slimy robe for 114 gold pieces
  6977 | D:6      | Identified the +1 robe of Puohaus {Dex+3} (You bought it in
                  | a shop on level 6 of the Dungeon)
  7810 | D:7      | Offered knowledge of Poisonous Vapours by Vehumet.
  7816 | D:7      | Learned a level 4 spell: Fulminant Prism
  7894 | D:7      | Reached ** piety under Vehumet
  8227 | D:7      | Found a burning altar of Makhleb.
  8343 | D:7      | Found a shimmering blue altar of Sif Muna.
  8475 | D:7      | Identified the +1 robe of Mutualism {rF+}
  9083 | D:8      | Reached skill level 10 in Conjurations
  9084 | D:8      | Reached skill level 11 in Spellcasting
  9365 | D:8      | Identified the Grimoire of Earthen Ignition
  9441 | D:8      | Noticed a two-headed ogre
  9443 | D:8      | Noticed a death yak
  9446 | D:8      | Noticed a death yak
  9585 | D:8      | Found a staircase to the Lair.
  9591 | D:8      | Noticed a death yak
  9592 | D:8      | Noticed a death yak
  9599 | D:8      | Noticed a death yak
  9609 | D:8      | Killed a death yak
  9610 | D:8      | Reached skill level 5 in Translocations
  9610 | D:8      | Reached XP level 10. HP: 55/58 MP: 2/27
  9618 | D:8      | Killed a death yak
  9619 | D:8      | Reached skill level 5 in Fighting
  9710 | D:7      | Killed a death yak
  9711 | D:7      | Reached skill level 12 in Spellcasting
  9936 | D:7      | Learned a level 5 spell: Lee's Rapid Deconstruction
  9942 | D:7      | Learned a level 5 spell: Fireball
  9944 | D:7      | Learned a level 1 spell: Sandblast
 10038 | D:8      | Killed a two-headed ogre
 10844 | Lair:1   | Entered Level 1 of the Lair of Beasts
 11057 | D:9      | Offered knowledge of Conjure Flame by Vehumet.
 11114 | D:9      | Noticed a two-headed ogre
 11123 | D:9      | Reached *** piety under Vehumet
 11124 | D:9      | Killed a two-headed ogre
 11125 | D:9      | Reached skill level 13 in Spellcasting
 11164 | D:9      | Reached XP level 11. HP: 33/64 MP: 20/30
 12118 | D:10     | Entered Level 10 of the Dungeon
 12177 | D:10     | Noticed a +0 hand axe
 12178 | D:10     | Found a hide-covered altar of Uskayaw.
 12178 | D:10     | Noticed a +0 hand axe
 14418 | Temple   | Identified a scroll of acquirement
 14418 | Temple   | Acquired a staff of conjuration
 15219 | D:11     | Learned a level 3 spell: Stone Arrow
 15459 | D:11     | Noticed a two-headed ogre
 15469 | D:11     | Killed a two-headed ogre
 15508 | D:11     | Offered knowledge of Inner Flame by Vehumet.
 15793 | D:11     | Reached skill level 1 in Hexes
 15793 | D:11     | Reached skill level 1 in Earth Magic
 15982 | D:11     | Found a staircase to the Orcish Mines.
 17625 | Lair:1   | Reached **** piety under Vehumet
 17628 | Lair:1   | Reached XP level 12. HP: 71/71 MP: 24/31
 17797 | Lair:1   | Offered knowledge of Irradiate by Vehumet.
 17978 | Lair:1   | Reached skill level 5 in Hexes
 18313 | Lair:1   | Noticed a four-headed hydra
 18318 | Lair:1   | Killed a four-headed hydra
 19009 | Lair:2   | Noticed Maggie
 19016 | Lair:2   | Killed Maggie
 19017 | Lair:2   | Reached skill level 5 in Earth Magic
 20323 | Lair:3   | Reached skill level 5 in Dodging
 20525 | Lair:3   | Found a runed translucent door.
 20529 | Lair:3   | Found a shimmering altar of Xom.
 20529 | Lair:3   | Noticed Veysay's ghost (journeyman DjWz)
 20630 | Lair:3   | Reached skill level 1 in Shields
 20739 | Lair:3   | Noticed a six-headed hydra
 20743 | Lair:3   | Killed a six-headed hydra
 20745 | Lair:3   | Noticed a seven-headed hydra
 21043 | Lair:3   | Identified the +1 cloak of Past Mistakes {Rampage Dex+4}
 21344 | Lair:3   | Noticed a death yak
 21349 | Lair:3   | Noticed a death yak
 21376 | Lair:2   | Killed a seven-headed hydra
 21873 | Lair:3   | Noticed a catoblepas
 22003 | Lair:3   | Killed a death yak
 22411 | Lair:3   | Killed a death yak
 22412 | Lair:3   | Killed a catoblepas
 22413 | Lair:3   | Reached XP level 13. HP: 54/76 MP: 7/32
 22765 | Lair:4   | Found a staircase to the Shoals.
 23310 | Lair:4   | Found a staircase to the Snake Pit.
 24669 | Lair:5   | Found a gate leading to a gauntlet.
 25396 | Lair:5   | Identified the +1 robe of Burning Leaves {Contam +Blink
                  | rCorr Int+8}
 25482 | Lair:5   | Found a transporter.
 25485 | Lair:5   | Found a one-way gate to the infinite horrors of the Abyss.
 25485 | Lair:5   | Noticed Panli's ghost (journeyman CeAM)
 25517 | Lair:5   | Found a transporter.
 25536 | Lair:5   | Identified the +7 great mace of Syent {freeze, rN+ Int+2}
 25740 | Lair:5   | Reached skill level 10 in Hexes
 26840 | Lair:6   | Entered Level 6 of the Lair of Beasts
 26851 | Lair:6   | Reached skill level 14 in Spellcasting
 27145 | Lair:6   | Found a viscous altar of Jiyva.
 27146 | Lair:6   | Found a staircase to the Slime Pits.
 27467 | Lair:6   | Reached ***** piety under Vehumet
 27525 | Lair:6   | Offered knowledge of Ozocubu's Refrigeration by Vehumet.
 27782 | Lair:6   | Reached XP level 14. HP: 84/84 MP: 15/34
 29030 | Lair:6   | Found an iron altar of Okawaru.
 29623 | Lair:6   | Identified the +8 war axe "Xeupp" {venom, Drain Fly rPois
                  | Str+5}
 29828 | Lair:6   | Found a large runed translucent door.
 29829 | Lair:6   | Found a large runed translucent door.
 30647 | D:12     | Found Etes's Book Shoppe.
 30667 | D:12     | Reached skill level 10 in Earth Magic
 31067 | D:12     | Reached skill level 15 in Spellcasting
 32694 | D:7      | Got Sif Muna's Incunabulum of the Frostbite
 32714 | D:8      | Offered knowledge of Bolt of Magma by Vehumet.
 32739 | D:7      | Learned a level 5 spell: Bolt of Magma
 33187 | D:12     | Bought a book of the Tempests for 1120 gold pieces
 33198 | D:12     | Learned a level 9 spell: Shatter
 33719 | D:13     | Reached skill level 1 in Fire Magic
 34480 | Orc:1    | Entered Level 1 of the Orcish Mines
 35204 | Orc:2    | Entered Level 2 of the Orcish Mines
 35328 | Orc:1    | Reached XP level 15. HP: 92/92 MP: 2/36
 35465 | Orc:2    | Reached skill level 10 in Fighting
 35554 | Orc:2    | Noticed an orc warlord
 35561 | Orc:2    | Killed an orc warlord
 35736 | Orc:2    | Noticed Erolcha
 35738 | Orc:2    | Killed Erolcha
 36118 | Orc:2    | Found a staircase to the Elven Halls.
 36719 | Orc:2    | Offered knowledge of Freezing Cloud by Vehumet.
 37099 | Orc:2    | Found Ipsydeg's Antique Weapon Boutique.
 37099 | Orc:2    | Found Cuuh Sai's Book Shoppe.
 37101 | Orc:2    | Found Rastoe's Jewellery Boutique.
 37101 | Orc:2    | Found Diacvev's Magic Scroll Shoppe.
 37620 | Orc:2    | Bought a scroll of acquirement for 728 gold pieces
 37620 | Orc:2    | Acquired 1204 gold pieces
 37622 | Orc:2    | Bought a scroll of acquirement for 728 gold pieces
 37622 | Orc:2    | Acquired 805 gold pieces
 37625 | Orc:2    | Bought the ring "Rosk" {Wiz Str+2 SInv} for 681 gold pieces
 37625 | Orc:2    | Bought an amulet of magic regeneration for 450 gold pieces
 37781 | D:14     | Reached skill level 16 in Spellcasting
 38247 | D:14     | Reached skill level 10 in Dodging
 38622 | D:14     | Reached skill level 5 in Fire Magic
 38789 | D:14     | Found a gate to the Vaults.
 39011 | D:15     | Entered Level 15 of the Dungeon
 39042 | D:15     | Noticed Nessos
 39049 | D:15     | Killed Nessos
 39440 | D:15     | Identified the +7 kite shield of Ystot {rPois}
 40060 | Lair:3   | Killed Veysay's ghost
 40162 | Snake:1  | Entered Level 1 of the Snake Pit
 40636 | Snake:1  | Found Saduq's Antique Armour Emporium.
 40640 | Snake:1  | Found Uwne's Assorted Antiques.
 40682 | Snake:1  | Bought 2 potions of heal wounds for 170 gold pieces
 40802 | Snake:1  | Offered knowledge of Iskenderun's Battlesphere by Vehumet.
 41215 | Snake:1  | Reached XP level 16. HP: 99/99 MP: 24/38
 41841 | Snake:2  | Noticed Aizul
 41853 | Snake:2  | Killed Aizul
 42232 | Snake:2  | Found Agaciggo's Jewellery Shop.
 42233 | Snake:2  | Found Xueledymn's Book Emporium.
 42235 | Snake:2  | Found Kemaalus's Jewellery Shop.
 42257 | Snake:2  | Found Ukear's Antique Armour Shoppe.
 42262 | Snake:2  | Bought a twisted helmet for 361 gold pieces
 42262 | Snake:2  | Identified the +2 helmet of the New World {Regen+ Str-3
                  | Int+2} (You bought it in a shop on level 2 of the Snake
                  | Pit)
 42386 | Snake:2  | Found Veylasyick's Distillery.
 43118 | Snake:3  | Reached skill level 17 in Spellcasting
 43259 | Snake:3  | Found a runed translucent gate.
 43260 | Snake:3  | Found a runed translucent gate.
 43261 | Snake:3  | Found a runed translucent gate.
 43262 | Snake:3  | Noticed cobaltphoenix's ghost (adept DrVM)
 43282 | Snake:3  | Killed cobaltphoenix's ghost
 43299 | Snake:3  | Learned a level 8 spell: Ignition
 44149 | Snake:3  | Noticed Jorgrun
 44519 | Snake:3  | Killed Jorgrun
 44554 | Snake:4  | Entered Level 4 of the Snake Pit
 44555 | Snake:4  | Offered knowledge of Orb of Destruction by Vehumet.
 44620 | Snake:4  | Reached XP level 17. HP: 104/104 MP: 19/40
 45017 | Snake:4  | Found a frozen archway.
 45033 | IceCv    | Entered an ice cave
 45411 | IceCv    | HP: 4/104 [something (16)]
 45412 | IceCv    | Reached skill level 15 in Earth Magic
 45530 | IceCv    | Offered knowledge of Eringya's Noxious Bog by Vehumet.
 45578 | IceCv    | Identified the +6 great sword "Zypuowor" {protect, rF+}
 47829 | D:15     | Reached skill level 18 in Spellcasting
 48013 | D:15     | Found a staircase to the Depths.
 48082 | D:15     | Found a basalt altar of Yredelemnul.
 49892 | Snake:4  | Got a serpentine rune of Zot
 50351 | Shoals:1 | Entered Level 1 of the Shoals
 50557 | Shoals:1 | Reached ****** piety under Vehumet
 50628 | Shoals:1 | Reached XP level 18. HP: 112/112 MP: 37/42
 50978 | Shoals:1 | Identified the +1 leather armour of Nihilism {Int+2 Dex+2}
 51233 | Shoals:1 | Offered knowledge of Chain Lightning by Vehumet.
 51249 | Shoals:1 | Learned a level 9 spell: Tornado
 51409 | Shoals:1 | Found a runed translucent gate.
 51410 | Shoals:1 | Found a runed translucent gate.
 51411 | Shoals:1 | Found a runed translucent gate.
 51413 | Shoals:1 | Noticed Xoagute's ghost (adept DEFE)
 51413 | Shoals:1 | Noticed Yniun's ghost (adept MfGl)
 51423 | Shoals:1 | Noticed Xuos Etu's ghost (adept MiWn)
 51508 | Shoals:1 | Killed Xoagute's ghost
 51768 | Shoals:1 | Killed Yniun's ghost
 51769 | Shoals:1 | Reached skill level 10 in Fire Magic
 51818 | Shoals:1 | Killed Xuos Etu's ghost
 52406 | Orc:2    | Bought a scroll of magic mapping for 49 gold pieces
 52406 | Orc:2    | Bought a scroll of blinking for 105 gold pieces
 52406 | Orc:2    | Bought a scroll of amnesia for 49 gold pieces
 52706 | Lair:5   | Killed Panli's ghost
 52929 | Shoals:2 | Noticed Polyphemus
 52934 | Shoals:2 | Killed Polyphemus
 53536 | Shoals:2 | Found a runed translucent door.
 54221 | Shoals:3 | Acquired 1139 gold pieces
 55164 | Shoals:4 | Entered Level 4 of the Shoals
 55339 | Shoals:4 | Reached XP level 19. HP: 103/117 MP: 12/43
 55507 | Shoals:4 | Found a flickering gateway to a bazaar.
 55516 | Bazaar   | Entered a bazaar
 55517 | Bazaar   | Found Vasax's Antique Weapon Emporium.
 55517 | Bazaar   | Found Qoufiov's Antique Weapon Emporium.
 55518 | Bazaar   | Found Pogics's General Store.
 55535 | Bazaar   | Bought the +2 pair of gloves of Asusooc {Regen+} for 150
                  | gold pieces
 55549 | Bazaar   | Found Hyizy's Book Boutique.
 55580 | Bazaar   | Bought a piece from Xom's chessboard (15/15) for 140 gold
                  | pieces
 55651 | Shoals:4 | Reached skill level 19 in Spellcasting
 55722 | Shoals:4 | Got a barnacled rune of Zot
 56210 | Shoals:4 | Reached skill level 1 in Evocations
 56254 | Shoals:4 | Offered knowledge of Lehudib's Crystal Spear by Vehumet.
 56254 | Shoals:4 | Offered knowledge of Fire Storm by Vehumet.
 56254 | Shoals:4 | Offered knowledge of Absolute Zero by Vehumet.
 56255 | Shoals:4 | Reached skill level 1 in Air Magic
 56265 | Shoals:4 | Learned a level 8 spell: Lehudib's Crystal Spear
 56595 | Shoals:4 | Identified the +10 short sword of Righteous Anger {protect,
                  | rElec}
 57497 | Vaults:1 | Entered Level 1 of the Vaults
 57668 | Vaults:1 | Identified the +1 scimitar "Impbane" {freeze, *Noise +Rage
                  | rElec rCorr Int-2}
 57931 | Vaults:1 | Acquired a scarf of repulsion
 59031 | Vaults:2 | Found Odoz's Antique Weapon Shoppe.
 59769 | Vaults:2 | Found Geb Low's Magic Scroll Shoppe.
 59778 | Vaults:2 | Bought a scroll of magic mapping for 70 gold pieces
 59778 | Vaults:2 | Bought a scroll of teleportation for 60 gold pieces
 59778 | Vaults:2 | Bought a scroll of teleportation for 60 gold pieces
 59778 | Vaults:2 | Bought a scroll of teleportation for 60 gold pieces
 59778 | Vaults:2 | Bought a scroll of teleportation for 60 gold pieces
 59778 | Vaults:2 | Bought a scroll of amnesia for 70 gold pieces
 60131 | Vaults:2 | Reached XP level 20. HP: 124/124 MP: 40/45
 60132 | Vaults:2 | Reached skill level 15 in Dodging
 60560 | Vaults:3 | Found a magical portal.
 60665 | Vaults:3 | Reached skill level 5 in Evocations
 60718 | WizLab   | Entered Wucad Mu's Monastery
 60863 | WizLab   | HP: 1/124 [monstrous demonspawn[old memories] (9)]
 60863 | WizLab   | Slain by a grey draconian monk

Illustrated notes

Levels and vault maps discovered:
D:1:      dpeg_arrival_line_fractal, layout_rooms
D:2:      layout_loops_ring, basic_ecumenical_altar
D:3:      layout_basic, uniq_robin
D:4:      layout_cave_pools, trog_ov_bears_minmay, temple_statues
D:5:      minmay_recursive_quarters, layout_gridville, cheibrodos_gnoll_hut
D:6:      layout_loops_ring, serial_shops, nicolae_shop_waterfront,
          nrook_campfire, chequers_arboretum, minmay_misc_feat_more_columns
D:7:      layout_basic, nicolae_sif_muna_little_library,
          makhleb_heckhound_becter
D:8:      layout_loops_ring, dpeg_lair_monsters
D:9:      layout_basic
D:10:     layout_basic, dancing_weapons_uskayaw
D:11:     layout_loops_ring, david_orc_3
D:12:     layout_irregular_city, serial_shops, shop
D:13:     minmay_diamond_stairs, layout_stronghold, drop_trap
D:14:     layout_roguey, hangedman_vaults_entry_quadrant_bands,
          corexii_hall_statues_l, solitary_fountain
D:15:     grunt_enter_depths_hoard, layout_basic, serial_park_square1
          [serial_park_minivault_5x5_3], hangedman_decor_points,
          yredelemnul_forgotten_temple_becter, uniq_nessos
Temple:   dpeg_five_rooms_temple
Lair:1:   layout_regular_city, serial_bayou_lagoon_a, beast_lair_carwin_6
Lair:2:   layout_loops_ring, uniq_maggie
Lair:3:   nzn_winding_woodlands_three_and_one
          [nzn_winding_woodlands_5x15_river_crossing,
          nzn_winding_woodlands_5x15_pathside_ponds,
          nzn_winding_woodlands_5x15_sidewinder,
          nzn_winding_woodlands_center_triple_pond], layout_regular_city,
          ebering_ghost_xom, hangedman_lair_generics_rect
Lair:4:   layout_hall_layers, elwin_shoals_entry_rooms,
          guppyfry_snake_entry_island, lemuel_fruit_tree
Lair:5:   layout_hall_layers, gauntlet_entry_generic,
          gammafunk_ghost_abyssal_escape, nicolae_quartered_pool_medium,
          chequers_serial_rivers_large_b, serial_bayou_shore_a
Lair:6:   cheibrodos_lair_end_hotspot, layout_regular_city, slime_altar_1,
          basic_altar, hibernation_bobbens
Shoals:1: layout_shoals, gammafunk_ghost_cemetery
Shoals:2: layout_shoals, lightli_airlock, uniq_polyphemus
Shoals:3: cheibrodos_shoals_baths, layout_shoals, nicolae_shoals_cliffside_cave
Shoals:4: shoals_end_grunt_ice, layout_shoals, serial_shops, bzr_firewalk,
          nicolae_shoals_square_sea_wall
Snake:1:  layout_basic, minmay_shop_star
Snake:2:  layout_misc_corridors, serial_shops, shop, shop, grunt_megastairs_3,
          minmay_shop_grove, uniq_aizul
Snake:3:  layout_layer_cave, gammafunk_ghost_necromancy, grunt_megastairs_4,
          uniq_jorgrun
Snake:4:  grunt_snake_rune_pools, layout_rooms, portal_ice_cave_entry_pillars_1,
          nicolae_snake_double_loop, serial_bayou_pond_e, grunt_ministairs_11
Orc:1:    layout_caves, nicolae_orc_damp_corner, mines1_david
Orc:2:    grunt_orc_tribal_feast, layout_caves, elf_legates, uniq_erolcha
Vaults:1: v_misc_25, vaults_room_large_hall, nicolae_vaults_network_quinsquares
          [nicolae_vaults_network_quincunx_subvault,
          nicolae_vaults_network_quincunx_subvault,
          nicolae_vaults_network_quincunx_subvault,
          nicolae_vaults_network_quincunx_subvault], ontoclasm_vaults_fault,
          hangedman_vaults_corner_blocks, ontoclasm_vaults_hangar,
          nicolae_vaults_hallways_thing, ontoclasm_vaults_gateway, v_rooms_3,
          nicolae_vaults_border_crossing, vaults_dpeg_diagonal,
          nicolae_vaults_mini_display_case, layout_vaults_omnicross
Vaults:2: v_rooms_6, v_misc_4, vaults_room_semicircle, vaults_dpeg_doors,
          st_squares, vaults_dpeg_spiral, serial_ice_m,
          nicolae_vaults_little_squares_5, nicolae_vaults_what_the_h,
          grunt_vaults_diagonal, layout_vaults_ring, serial_shops,
          nicolae_shop_competitors_out_of_business, shop_fountains
Vaults:3: v_rooms_4, hangedman_vaults_hat, minmay_crypt_entry_simple_round,
          nicolae_vaults_ring_of_whatevers, vaults_room_fancy_cross,
          st_quartered_hall, v_misc_32, nicolae_vaults_big_ls,
          nicolae_vaults_yaktaur_gun_rack, vaults_room_semicircle,
          layout_vaults_omnigrid, infiniplex_enter_wizlab_glasses
WizLab:   wizlab_wucad

Skill      XL: |  1  2  3  4  5  6  7  8  9 10 11 12 13 14 15 16 17 18 19 20 |
---------------+-------------------------------------------------------------+-----
Spellcasting   | 4 5 7 8 9 11 13 14 15 16 17 18 19 | 19.8
Conjurations   | 5 6 7 9 10 11 12 | 12.4
Fighting       | 1 2 3 4 5 6 7 8 9 10 11 12 13 | 13.1
Translocations | 1 3 5 6 8 9 |  9.9
Hexes          | 4 8 10 | 10.0
Earth Magic    | 3 6 9 11 13 14 16 17 18 | 18.7
Dodging        | 3 5 7 9 10 12 13 14 15 | 15.2
Shields        | 2 4 |  4.5
Fire Magic     | 2 5 8 9 11 12 | 12.1
Evocations     | 4 5 |  5.3
Air Magic      | 4 |  4.9
Stealth        | |  2.4

Action                   |  1- 3 |  4- 6 |  7- 9 | 10-12 | 13-15 | 16-18 | 19-21 || total
-------------------------+-------+-------+-------+-------+-------+-------+-------++-------
Melee: Staff             |       |       |       |     1 |     9 |     6 |     3 ||    19
 Cast: Magic Dart        |    79 |    75 |   145 |   192 |    18 |       |       ||   509
       Searing Ray       |       |     7 |    38 |    76 |    28 |     2 |       ||   151
       Iskenderun's Myst |       |       |     1 |     3 |   176 |    61 |    11 ||   252
       Fulminant Prism   |       |       |    12 |    48 |    40 |    10 |       ||   110
       Stone Arrow       |       |       |       |   103 |   212 |    99 |     4 ||   418
       Lee's Rapid Decon |       |       |       |     2 |   176 |   249 |    11 ||   438
       Sandblast         |       |       |       |       |    11 |     3 |     2 ||    16
       Bolt of Magma     |       |       |       |       |     2 |       |       ||     2
       Shatter           |       |       |       |       |       |   103 |   136 ||   239
       Ignition          |       |       |       |       |       |    21 |     1 ||    22
       Lehudib's Crystal |       |       |       |       |       |       |     8 ||     8
Evoke: Wand              |       |       |       |       |     2 |       |       ||     2
  Use: Scroll            |       |       |    15 |    15 |     8 |    14 |     4 ||    56
       Potion            |       |       |     1 |     1 |     5 |     4 |     3 ||    14
Armor: Robe              |       |     1 |    20 |       |    25 |    36 |     7 ||    89
       Steam dragon scal |       |       |    22 |   115 |    19 |       |       ||   156
Dodge: Dodged            |       |    12 |    57 |   139 |   116 |   108 |    42 ||   474
Block: Buckler           |       |       |       |    19 |    56 |    44 |    23 ||   142

Table legend: (Time is in decaauts)
 A = Elapsed time spent in this place.
 B = Non-inter-level travel time spent in this place.
 C = Inter-level travel time spent in this place.
 D = Time resting spent in this place.
 E = Time spent auto-exploring this place.
 F = Levels seen in this place.
 G = Mean time per level.
                   A        B        C        D        E       F      G
               +--------+--------+--------+--------+--------+-----+--------+
         Total |  61238 |  53093 |   8145 |  14524 |  29047 |  38 | 1611.5 |
       Dungeon |  26432 |  21352 |   5080 |   5285 |  13571 |  15 | 1762.1 |
        Temple |    742 |    635 |    107 |     56 |    211 |   1 |  742.0 |
          Lair |  14295 |  12682 |   1613 |   4458 |   6200 |   6 | 2382.5 |
        Shoals |   5546 |   5398 |    148 |   1181 |   2809 |   4 | 1386.5 |
     Snake Pit |   6617 |   5867 |    750 |   1630 |   2642 |   4 | 1654.2 |
  Orcish Mines |   3257 |   2867 |    390 |    819 |   1414 |   2 | 1628.5 |
        Vaults |   3177 |   3122 |     55 |    714 |   1923 |   3 | 1059.0 |
        Bazaar |     95 |     95 |      0 |      0 |     33 |   1 |   95.0 |
      Ice Cave |    927 |    927 |      0 |    369 |    243 |   1 |  927.0 |
        Wizlab |    145 |    145 |      0 |     12 |      0 |   1 |  145.0 |
               +--------+--------+--------+--------+--------+-----+--------+

Top non-repeatable levels by time:
  Lair:5: 3107 daAuts
    D:10: 3013 daAuts
  Lair:3: 2677 daAuts
  Lair:4: 2627 daAuts
 Snake:3: 2520 daAuts
     D:7: 2294 daAuts
  Lair:1: 2262 daAuts
     D:5: 2239 daAuts
    D:13: 2204 daAuts
   Orc:2: 1983 daAuts
    D:15: 1983 daAuts
     D:8: 1920 daAuts
    D:11: 1894 daAuts
  Lair:6: 1868 daAuts
 Snake:1: 1811 daAuts
